 Dungeon Crawl Stone Soup version 0.28.0-62-gf88900778d (webtiles) character file.

Game seed: 15777358333754521818

7114 cbfl8 the Cleaver (level 10, -3/76 HPs)
             Began as a Demonspawn Fighter on July 1, 2023.
             Slain by an ice devil (12 damage)
             ... on level 11 of the Dungeon.
             The game lasted 00:15:54 (13091 turns).

cbfl8 the Cleaver (Demonspawn Fighter)             Turns: 13091, Time: 00:15:54

Health: -3/76      AC: 14    Str: 23    XL:     10   Next: 85%
Magic:  10/10      EV:  9    Int: 14    God:
Gold:   623        SH: 10    Dex: 16    Spells: 9/9 levels left

rFire   . . .      SeeInvis .   r - +1 war axe (venom)
rCold   . . .      Faith    .   c - +0 buckler
rNeg    . . .      Spirit   .   l - +0 chain mail
rPois   .          Reflect  .   (no helmet)
rElec   .          Harm     .   o - +0 cloak
rCorr   .          Rampage  .   h - +1 pair of gloves
Will    .....                   (boots unavailable)
Stlth   ..........              f - amulet of the acrobat
HPRegen 0.22/turn               e - +6 ring of strength
MPRegen 0.12/turn               (no ring)

@: no status effects
A: hooves 3, powered by pain 1, big brain 2, condensation shield
a: no special abilities


You were on level 11 of the Dungeon.
You visited 1 branch of the dungeon, and saw 11 of its levels.
You also visited: Ice Cave.

You collected 623 gold pieces.

Inventory:

Hand Weapons
 r - a +1 war axe of venom (weapon)
Armour
 c - a +0 buckler (worn)
 h - a +1 pair of gloves (worn)
 l - a +0 chain mail (worn)
 o - a +0 cloak (worn)
Jewellery
 e - a +6 ring of strength (left hand)
 f - an amulet of the acrobat (around neck)
Wands
 d - a wand of iceblast (1) (quivered)
 i - a wand of charming (5)
Scrolls
 b - 2 scrolls of enchant armour
 j - 3 scrolls of fog
 n - 2 scrolls of teleportation
 t - a scroll of torment
 u - 2 scrolls of magic mapping
 w - a scroll of amnesia
Potions
 a - a potion of cancellation {unknown}
 g - 2 potions of haste
 k - 2 potions of brilliance
 m - a potion of flight
 p - a potion of degeneration {unknown}
 q - 2 potions of heal wounds {unknown}
 s - 3 potions of curing
 v - 3 potions of resistance {unknown}
 x - a potion of might


   Skills:
 + Level 6.0 Fighting
 + Level 9.2 Axes
 + Level 6.9 Armour
 + Level 2.8 Dodging
 + Level 2.2 Stealth
 + Level 6.2 Shields
 * Level 7.3 Evocations


You had 9 spell levels left.
You didn't know any spells.
Your spell library contained the following spells:

 Spells                   Type           Power      Damage    Failure   Level
 Animate Skeleton         Necr           0%         N/A       94%         1
 Pain                     Necr           0%         1d4       94%         1
 Vampiric Draining        Necr           0%         2d6       100%        3
 Olgreb's Toxic Radiance  Pois           0%         N/A       100%        4
 Summon Forest            Summ/Tloc      0%         N/A       100%        5
 Summon Mana Viper        Hex/Summ       0%         N/A       100%        5
 Summon Cactus Giant      Summ           0%         N/A       100%        6
 Ozocubu's Refrigeration  Ice            0%         4d5       100%        7
 Ignition                 Fire           0%         3d3       100%        8


Dungeon Overview and Level Annotations

Branches:
Dungeon (11/15)            Temple (0/1) D:4            Lair (0/6) D:8
    Orc (0/2) D:9           IceCv (visited)

Altars:
Wu Jian

Shops:
D:9 (

Annotations:
D:4 exclusion: oklob sapling


Innate Abilities, Weirdness & Mutations

You have hooves in place of feet.
You sometimes gain a little power by taking damage.
You have an extremely huge brain. (Int +4)
A meltable shield of frost defends you. (SH +4)


Message History

An ice devil comes into view.
The white imp gestures at you. The puff of frost misses you.
The naga simulacrum barely misses you. The naga simulacrum misses you.
There is an ice choked empty arch of ancient stone here.
You slash the naga simulacrum! Your kick misses the naga simulacrum.
The naga simulacrum is almost destroyed.
You slash the white imp!
An ice devil comes into view.
You block the white imp's attack.
An elephant simulacrum comes into view.
The naga simulacrum hits you! The naga simulacrum freezes you!
The naga simulacrum barely misses you.
You are too injured to fight recklessly!
Unknown command.
You are too injured to fight recklessly!
Unknown command.
You hit the white imp.
You kill the white imp!
You barely miss the naga simulacrum. You hit the naga simulacrum.
The naga simulacrum vaporises!
You block the ice devil's attack.
There is an ice covered gate leading back out of this place here.
You block the ice devil's attack.
Welcome back to the Dungeon!
There is a collapsed entrance here.
You hit the ice devil. Your kick misses the ice devil.
The ice devil is lightly wounded.
The ice devil hits you! The ice devil freezes you!
* * * LOW HITPOINT WARNING * * *
Aiming: Iceblast
Press: ? - help, Q - select action, (/) - cycle Shift-Dir - straight line The mass of ice explodes!
The iceblast engulfs the ice devil!
The ice devil partially resists.
The ice devil is heavily wounded.
The ice devil hits you!
* * * LOW HITPOINT WARNING * * *
The ice devil freezes you!
You die...

..#. #.#...#
....#######.....#
#...............###
..#...............##
#.............†<...##
....................#
#..........#.(....#
#.................#
#........#4@.#...>#
########............
##..#.....##..
#..........##.
#..........#
#..........#
#..........# #...
......#


You could see an ice devil.

Vanquished Creatures
  Joseph (D:8)
  Grinder (D:6)
  A slime creature (D:9)
  Prince Ribbit (D:8)
  2 wraiths
  8 yaks
  2 steam dragons
  An acid dragon (D:8)
  A water moccasin (D:7)
  3 orc warriors
  A black bear (D:5)
  3 ogres
  2 necrophages (D:7)
  4 centaurs
  3 phantoms
  A kobold brigand (D:7)
  6 bullfrogs
  A gnoll sergeant (D:9)
  5 scorpions
  A water moccasin zombie (D:5)
  A wyvern skeleton (D:5)
  11 killer bees
  8 wights
  2 electric eels (D:7)
  4 howler monkeys
  4 bullfrog zombies
  2 jellies
  2 hounds (D:5)
  4 centaur zombies
  A centaur skeleton (D:7)
  2 bullfrog skeletons (D:5)
  7 orc wizards
  A scorpion zombie (D:5)
  2 killer bee zombies
  2 hound skeletons (D:4)
  2 howler monkey zombies
  6 adders
  2 howler monkey skeletons
  A naga simulacrum (IceCv)
  A shadow imp (D:8)
  2 white imps
  2 ufetubi
  2 worms
  2 dart slugs (D:2)
  24 orcs
  3 endoplasms
  4 giant cockroaches
  8 goblins
  8 hobgoblins
  14 kobolds
  A quokka (D:2)
  7 ball pythons
  5 bats
  A frilled lizard (D:3)
196 creatures vanquished.

Vanquished Creatures (collateral kills)
  A killer bee (D:8)
  A gnoll shaman (D:10)
  2 gnolls (D:10)
4 creatures vanquished.

Vanquished Creatures (others)
  2 killer bees (D:8)
  2 gnolls (D:10)
  10 fungi (D:8)
  43 plants
57 creatures vanquished.

Grand Total: 257 creatures vanquished

Notes
Turn   | Place    | Note
-------+----------+-------------------------------------------
     0 | D:1      | cbfl8 the Demonspawn Fighter began the quest for the Orb.
     0 | D:1      | Reached XP level 1. HP: 18/18 MP: 1/1
   181 | D:1      | Found a faded altar of an unknown god.
   290 | D:1      | Gained mutation: You have large cloven feet. [demonic
                  | ancestry]
   290 | D:1      | Reached XP level 2. HP: 19/24 MP: 2/2
   491 | D:1      | Reached skill level 2 in Axes
   529 | D:2      | Found an ornate altar of the Wu Jian Council.
   656 | D:2      | Reached skill level 1 in Evocations
  1008 | D:2      | Gained mutation: You sometimes gain a little power by
                  | taking damage. [demonic ancestry]
  1008 | D:2      | Reached XP level 3. HP: 28/29 MP: 3/3
  2240 | D:3      | Gained mutation: A meltable shield of frost defends you.
                  | (SH +4) [demonic ancestry]
  2240 | D:3      | Reached XP level 4. HP: 35/35 MP: 4/4
  2712 | D:4      | Noticed a scorpion
  2719 | D:4      | Killed a scorpion
  2988 | D:4      | Found a staircase to the Ecumenical Temple.
  3002 | D:4      | Reached XP level 5. HP: 41/41 MP: 5/5
  3003 | D:4      | Reached skill level 3 in Axes
  3149 | D:4      | Noticed a phantom
  3179 | D:4      | Killed a phantom
  3950 | D:4      | Gained mutation: You have hoof-like feet. [demonic
                  | ancestry]
  3950 | D:4      | Reached XP level 6. HP: 39/47 MP: 6/6
  4196 | D:5      | Entered Level 5 of the Dungeon
  4240 | D:5      | Reached skill level 1 in Dodging
  4656 | D:5      | Reached skill level 4 in Axes
  4667 | D:5      | Gained mutation: You have hooves in place of feet. [demonic
                  | ancestry]
  4667 | D:5      | Reached XP level 7. HP: 39/52 MP: 7/7
  5238 | D:5      | Reached skill level 5 in Axes
  5250 | D:5      | Reached XP level 8. HP: 33/60 MP: 8/8
  6872 | D:6      | Noticed Grinder
  6879 | D:6      | Killed Grinder
  6880 | D:6      | Reached skill level 6 in Axes
  7143 | D:6      | Found an ornate altar of the Wu Jian Council.
  7401 | D:7      | Reached skill level 5 in Armour
  7401 | D:7      | Reached skill level 5 in Evocations
  7403 | D:7      | Gained mutation: You have an unusually large brain. (Int
                  | +2) [demonic ancestry]
  7403 | D:7      | Reached XP level 9. HP: 64/66 MP: 9/9
  7649 | D:7      | Reached skill level 1 in Stealth
  7854 | D:7      | Reached skill level 5 in Shields
  8530 | D:7      | Reached skill level 7 in Axes
  8823 | D:8      | Reached skill level 5 in Fighting
  9095 | D:8      | Noticed Prince Ribbit
  9120 | D:8      | Killed Prince Ribbit
  9648 | D:8      | Found a staircase to the Lair.
  9743 | D:8      | Reached skill level 8 in Axes
 10394 | D:8      | Noticed Joseph
 10399 | D:8      | Killed Joseph
 10400 | D:8      | Gained mutation: You have an extremely huge brain. (Int +4)
                  | [demonic ancestry]
 10400 | D:8      | Reached XP level 10. HP: 67/74 MP: 10/10
 11096 | D:9      | Found a staircase to the Orcish Mines.
 11198 | D:9      | Found Oneproto's Antique Weapon Boutique.
 12086 | D:10     | Entered Level 10 of the Dungeon
 12505 | D:10     | Found the +8 trident of the Octopus King {venom, rElec
                  | rPois}
 12594 | D:10     | Reached skill level 9 in Axes
 12954 | D:11     | Found a frozen archway.
 13075 | IceCv    | Entered an ice cave
 13091 | D:11     | Slain by an ice devil

Illustrated notes

Levels and vault maps discovered:
D:1:      dpeg_arrival_tiny_e, layout_rooms, chequers_ecumenical_altar_island,
          minmay_tetromino_t2
D:2:      layout_basic, serial_co_window_serial, co_window_paths_b,
          co_window_of_opportunity_a, co_window_cross_1, co_window_corner_a,
          co_window_paths_a, co_window_corner_ca, co_window_of_opportunity_b,
          co_window_of_opportunity_b, co_window_paths_e, glass_columns_a,
          glass_columns_b, glass_columns_b, glass_columns_b, glass_columns_a,
          basic_altar
D:3:      layout_rooms
D:4:      layout_loops_cross, minmay_temple_entry_oklob,
          minmay_misc_feat_hallway
D:5:      minmay_bubble_buster, layout_rooms, grunt_ministairs_3
D:6:      layout_loops_ring, nzn_wu_jian_contemplation,
          chequers_serial_rivers_small_3, uniq_grinder
D:7:      layout_loops_ring, serial_bayou, serial_bayou_pond_d,
          serial_bayou_crossing, serial_bayou_shore_a, serial_bayou_shore_b,
          hangedman_decor_riveting, amethyst_killhole
D:8:      layout_loops_ring, grunt_lair_entry_orc_guard_hut, uniq_joseph,
          uniq_prince_ribbit1
D:9:      minmay_opposing_rooms, layout_cave_pods, orc_0_dummy, serial_shops,
          nicolae_square_shop
D:10:     layout_basic
D:11:     layout_rooms, portal_ice_cave_entry_pillars_1

Skill      XL: |  1  2  3  4  5  6  7  8  9 10 |
---------------+-------------------------------+-----
Axes           | 2 3 4 5 6 8 9 |  9.2
Evocations     | 1 2 3 5 6 7 |  7.3
Armour         | 3 4 5 6 |  6.9
Shields        | 3 4 5 6 |  6.2
Dodging        | 1 2 |  2.8
Fighting       | 4 5 6 |  6.0
Stealth        | 1 2 |  2.2

Action                   |  1- 3 |  4- 6 |  7- 9 | 10-12 || total
-------------------------+-------+-------+-------+-------++-------
Melee: War axe           |   101 |   178 |   248 |   136 ||   663
       Kick              |    14 |     1 |    77 |    35 ||   127
Evoke: Wand              |       |       |    15 |     7 ||    22
  Use: Scroll            |     3 |     2 |     7 |     4 ||    16
       Potion            |       |     3 |       |       ||     3
Armor: Scale mail        |    49 |    89 |    69 |       ||   207
       Chain mail        |       |       |    52 |    98 ||   150
Dodge: Dodged            |    38 |    77 |   103 |    98 ||   316
Block: Buckler           |    33 |    96 |   120 |   102 ||   351
